 Dungeon Crawl Stone Soup version 0.31-a0-542-gdc2a67831c (webtiles) character file.

Game seed: 13809787693043456223

207 randomguy2701 the Grave Robber (level 5, 0/28 HPs)
             Began as a Deep Elf Necromancer on Aug 14, 2023.
             Slain by an ufetubus (5 damage)
             ... on level 4 of the Dungeon.
             The game lasted 00:03:22 (3264 turns).

randomguy2701 the Grave Robber (DENe)               Turns: 3264, Time: 00:03:23

Health: 0/28       AC:  2    Str:  5    XL:     5   Next: 54%
Magic:  5/14       EV: 13    Int: 22    God:
Gold:   150        SH:  0    Dex: 15    Spells: 10/14 levels left

rFire   . . .        (no weapon)
rCold   . . .        (no shield)
rNeg    . . .        a - +0 robe
rPois   .            (no helmet)
rElec   .            (no cloak)
rCorr   .            (no gloves)
SInv    .            (no boots)
Will    .....        (no amulet)
Stlth   ++           (no ring)
HPRegen 0.24/turn    (no ring)
MPRegen 0.14/turn

%: no passive effects
@: no status effects
A: no striking features
a: no special abilities


You were on level 4 of the Dungeon.
You visited 1 branch of the dungeon, and saw 4 of its levels.

You collected 150 gold pieces.

Inventory:

Armour
 a - a +0 robe (worn)
Jewellery
 m - a ring of protection from fire
Scrolls
 c - a scroll of amnesia
 e - a scroll of blinking {unknown}
 g - 6 scrolls of identify {unknown}
Potions
 b - 2 potions of magic
 d - a potion of ambrosia {unknown}
 f - a potion of curing
 h - 2 potions of mutation {unknown}
 i - a potion of might {unknown}
 j - a potion of attraction {unknown}
 k - a potion of lignification {unknown}
 l - a potion of heal wounds {unknown}
 n - a potion of brilliance {unknown}


   Skills:
 + Level 3.2 Dodging
 + Level 2.5 Stealth
 + Level 5.3 Spellcasting
 + Level 6.7 Necromancy


You had 10 spell levels left.
You knew the following spells:

 Your Spells              Type           Power      Damage    Failure   Level
a - Necrotise             Necr           100%       1d9       1%          1
b - Vampiric Draining     Necr           35%        2d8       1%          3

Your spell library contained the following spells:

 Spells                   Type           Power      Damage    Failure   Level
 Animate Dead             Necr           35%        N/A       6%          4
 Agony                    Necr           35%        N/A       17%         5


Dungeon Overview and Level Annotations

Branches:
Dungeon (4/15)
 Temple: D:4-7

Altars:

Shops:
D:3 :

Annotations:
D:2 1 runed translucent door, Crazy Yiuf
D:3 3 runed translucent doors, epsilonplus's ghost, amateur TeBr


Message History

Casting: Necrotise (safe; 1% risk of failure)
Confirm with . or Enter, or press ? or * to list all spells.
Aiming: Necrotise (safe; 1% risk of failure)
Press: ? - help, Shift-Dir - straight line, f/p - hound
Aim: a hound (severely wounded, chance to affect: 88%)
The hound writhes in agony.
The hound barely misses you. The ufetubus hits you.
* * * LOW HITPOINT WARNING * * *
The ufetubus misses you. The hound barely misses you. The ufetubus hits you.
* * * LOW HITPOINT WARNING * * *
The ufetubus hits you but does no damage.
Casting: Necrotise (safe; 1% risk of failure)
Confirm with . or Enter, or press ? or * to list all spells.
Aiming: Necrotise (safe; 1% risk of failure)
Press: ? - help, Shift-Dir - straight line, f/p - hound
Aim: a hound (severely wounded, chance to affect: 88%)
Okay, then.
Casting: Necrotise (safe; 1% risk of failure)
Confirm with . or Enter, or press ? or * to list all spells.
Aiming: Vampiric Draining (safe; 1% risk of failure)
Press: ? - help, Shift-Dir - straight line, f/p - hound
Aim: a hound (severely wounded)
You draw life force from the hound!
You kill the hound!
You feel life coursing into your body. The ufetubus barely misses you.
The ufetubus hits you.
* * * LOW HITPOINT WARNING * * *
The ufetubus attacks as you move away! The ufetubus barely misses you.
The ufetubus misses you. The ufetubus closely misses you.
The ufetubus hits you.
* * * LOW HITPOINT WARNING * * *
The ufetubus attacks as you move away! The ufetubus barely misses you.
The ufetubus closely misses you.
It was a potion of curing.
You feel better. The ufetubus misses you. The ufetubus barely misses you.
The ufetubus misses you. The ufetubus hits you.
* * * LOW HITPOINT WARNING * * *
As you read the scroll labelled QOVAOBLAIWE, it crumbles to dust.
It is a scroll of amnesia.
Okay, then.
The ufetubus completely misses you. The ufetubus hits you.
You die...

#.......##......#...##
##...........#..#(#.##
##.....#....[.##.#.##
##.#...#..#...#..#..#
#)........#..##.###.#
##....##...###..#)#..
###.##.####...##.##.
#######....###...##
#.@.....####)..⌠...
#5#####....###...##
##..# ####...##.##.
#†.# ###..#(#.. [....
##.###.# ##...##
#..#..# ##..# ##.#.##
... #.#.#. ...? #...#.


You could see an ufetubus.

Vanquished Creatures
  A hound (D:4)
  A sleepcap (D:4)
  An iguana (D:4)
  3 adders
  A worm (D:3)
  5 dart slugs
  4 orcs
  5 ball pythons
  6 endoplasms
  A giant cockroach (D:1)
  10 goblins
  8 hobgoblins
  4 jackals
  3 quokkas
  4 bats
  2 frilled lizards
  5 kobolds
  6 rats
70 creatures vanquished.

Vanquished Creatures (collateral kills)
  2 orcs (D:3)
2 creatures vanquished.

Grand Total: 72 creatures vanquished

Notes
Turn   | Place    | Note
-------+----------+-------------------------------------------
     0 | D:1      | randomguy2701 the Deep Elf Necromancer began the quest for
                  | the Orb.
     0 | D:1      | Reached XP level 1. HP: 10/10 MP: 6/6
    59 | D:1      | Reached skill level 5 in Necromancy
   187 | D:1      | Reached XP level 2. HP: 15/15 MP: 6/8
  1060 | D:2      | Found a faded altar of an unknown god.
  1069 | D:2      | Reached XP level 3. HP: 19/19 MP: 6/10
  1558 | D:2      | Found a runed translucent door.
  1559 | D:2      | Noticed Crazy Yiuf
  2001 | D:3      | Found a runed translucent gate.
  2001 | D:3      | Found a runed translucent gate.
  2004 | D:3      | Reached skill level 6 in Necromancy
  2019 | D:3      | Found a runed translucent gate.
  2020 | D:3      | Noticed a black bear
  2021 | D:3      | Noticed epsilonplus's ghost (amateur TeBr)
  2138 | D:3      | Found Caan's Book Shop.
  2147 | D:3      | Reached XP level 4. HP: 24/24 MP: 10/12
  2773 | D:4      | Learned a level 3 spell: Vampiric Draining
  2866 | D:4      | Reached skill level 5 in Spellcasting
  2866 | D:4      | Reached XP level 5. HP: 21/28 MP: 5/14
  3121 | D:4      | Identified the +5 short sword "Iwoassif" {venom, rF+ Int+6}
  3261 | D:4      | HP: 1/28 [ufetubus (1)]
  3264 | D:4      | Slain by an ufetubus

Illustrated notes

Levels and vault maps discovered:
D:1:      lightli_arrival_flooded_house, layout_basic, minmay_hedge_maze,
          grunt_decor_fettered
D:2:      layout_basic, ebering_ecumenical_altar_ruins, uniq_crazy_yiuf_cottage
D:3:      layout_rooms, serial_shops, shop, gammafunk_ghost_split
D:4:      minmay_general_purpose_star, layout_cave_pools,
          mainiacjoe_overflow_six_doors_small

Skill      XL: |  1  2  3  4 |
---------------+-------------+-----
Necromancy     | 5 6 |  6.7
Spellcasting   | 4 5 |  5.3
Dodging        | 3 |  3.2
Stealth        | |  2.5

Action                     |  1- 3 |  4- 6 || total
---------------------------+-------+-------++-------
  Melee: Unarmed           |       |     1 ||     1
   Cast: Necrotise         |    77 |    68 ||   145
         Vampiric Draining |       |     1 ||     1
    Use: Scroll            |       |     1 ||     1
         Potion            |       |     1 ||     1
 Armour: Robe              |     3 |     3 ||     6
  Dodge: Dodged            |    12 |    47 ||    59

Table legend: (Time is in decaauts)
 A = Elapsed time spent in this place.
 B = Non-inter-level travel time spent in this place.
 C = Inter-level travel time spent in this place.
 D = Time resting spent in this place.
 E = Time spent auto-exploring this place.
 F = Levels seen in this place.
 G = Mean time per level.
                   A        B        C        D        E       F      G
               +--------+--------+--------+--------+--------+-----+--------+
         Total |   3264 |   3176 |     88 |      0 |   2809 |   4 |  816.0 |
       Dungeon |   3264 |   3176 |     88 |      0 |   2809 |   4 |  816.0 |
               +--------+--------+--------+--------+--------+-----+--------+

Top non-repeatable levels by time:
     D:2: 977 daAuts
     D:1: 918 daAuts
     D:3: 869 daAuts
     D:4: 498 daAuts
